 Dungeon Crawl Stone Soup version 0.21-a0-633-g4c047d5 (webtiles) character file.

25 Lanoc the Scratcher (level 2, -5/12 HPs)
             Began as a Felid Transmuter on Dec 29, 2017.
             Slain by Sigmund
             ... wielding a +0 scythe
              (10 damage)
             ... on level 2 of the Dungeon.
             The game lasted 00:02:08 (941 turns).

Lanoc the Scratcher (Felid Transmuter)               Turns: 941, Time: 00:02:09

Health: -5/12      AC:  1    Str:  6    XL:     2   Next: 82%
Magic:  6/6        EV: 18    Int: 14    God:
Gold:   88         SH:  0    Dex: 16    Spells: 2/5 levels left
                                        Lives:  0   Deaths: 0

rFire    . . .     SeeInvis +     - Unarmed
rCold    . . .     Gourm    .   (shield unavailable)
rNeg     . . .     Faith    .   (armour unavailable)
rPois    .         Spirit   .   (helmet unavailable)
rElec    .         Reflect  .   (cloak unavailable)
rCorr    .         Harm     .   (gloves unavailable)
MR       .....                  (boots unavailable)
Stlth    ++........             (no amulet)
HPRegen  0.04/turn              (no ring)
MPRegen  0.10/turn              (no ring)

@: appendage (expiring), quick
A: very small, no armour, no weapons or thrown items, stealth, claws 1, fangs 3,
horns 2, see invisible, carnivore, speed 1, shaggy fur 1, slow metabolism 1,
sharp paws
a: End Transformation


You were on level 2 of the Dungeon.
You were very full.
You had grown temporary horns.
You visited 1 branch of the dungeon, and saw 2 of its levels.

You collected 88 gold pieces.

Inventory:

Missiles
 a - 35 arrows
Scrolls
 d - a scroll of enchant weapon {unknown}
 f - 2 scrolls of identify {unknown}
 g - a scroll of amnesia {unknown}
 k - a scroll of remove curse {unknown}
Potions
 e - a potion of brilliance {unknown}
 h - a potion of might {unknown}
 i - a potion of degeneration {unknown}
Books
 b - a book of Changes

   Spells                             Type                      Level
   a - Beastly Appendage              Transmutation                1
   b - Sticks to Snakes               Transmutation                2
   c - Spider Form                    Transmutation/Poison         3
   d - Ice Form                       Ice/Transmutation            4
   e - Blade Hands                    Transmutation                5
Comestibles
 c - a ration
 j - 2 chunks of flesh


   Skills:
 + Level 1.4 Fighting
 + Level 3.1 Dodging
 + Level 3.2 Unarmed Combat
 + Level 2.2 Spellcasting
 + Level 2.5 Transmutations


You had 2 spell levels left.
You knew the following spells:

 Your Spells              Type           Power        Failure   Level  Hunger
a - Beastly Appendage     Tmut           #.....       9%          1    #......
b - Sticks to Snakes      Tmut           #.......     12%         2    ###....


Dungeon Overview and Level Annotations

Branches:
Dungeon (2/15)

Altars:

Annotations:
D:2 Sigmund


Innate Abilities, Weirdness & Mutations

You cannot wear armour.
You are incapable of wielding weapons or throwing items.
Your paws allow you to move quietly. (Stealth)
You have sharp claws.
You have razor-sharp teeth.
You have supernaturally acute eyesight. (SInv)
You are carnivorous and can eat meat at any time.
You cover ground quickly.
You are covered in fur. (AC +1)
You have a slow metabolism.
Your sharp claws are effective at attacking unaware monsters.
You have a pair of horns on your head.


Message History

The adder is moderately wounded.
Your transformation is almost over.
The adder closely misses you.
You scratch the adder but do no damage.
The adder is moderately wounded.
The adder completely misses you.
Sigmund points at you and mumbles some strange words.
The magic dart hits you!
You completely miss the adder.
The adder is moderately wounded.
The adder bites you. Sigmund closely misses you.
You claw the adder!
The adder is almost dead.
The adder closely misses you.
You miss the adder.
The adder is almost dead.
The adder closely misses you.
Sigmund hits you from afar with a scythe!
Ouch! That really hurt!
You die...

.# ##.## #...##
..... #...#
##.#.#####
.#####S).......
.......@..#
#######.<.#
##@## #.# #.#
#.#
#######.####
...........#
.....##.##.#


You could see Sigmund and an adder.

Vanquished Creatures
  A dart slug (D:1)
  3 giant cockroaches (D:1)
  3 goblins
  A hobgoblin (D:1)
  4 kobolds (D:1)
  4 bats (D:1)
  3 frilled lizards (D:1)
  4 rats (D:1)
23 creatures vanquished.

Notes
Turn   | Place    | Note
-------+----------+-------------------------------------------
     0 | D:1      | Lanoc the Felid Transmuter began the quest for the Orb.
     0 | D:1      | Reached XP level 1. HP: 9/9 MP: 4/4
    96 | D:1      | Reached XP level 2. HP: 12/12 MP: 4/6
   607 | D:1      | Learned a level 2 spell: Sticks to Snakes
   869 | D:2      | Noticed Sigmund
   941 | D:2      | Slain by Sigmund

Vault maps used:
D:1:      lemuel_arrival_river_ford
D:2:      lemuel_round_altar, zin_academy, uniq_sigmund, uniq_robin,
          uniq_jessica

Skill      XL: |  1  2 |
---------------+-------+-----
Dodging        | 3 |  3.1
Fighting       | |  1.4
Unarmed Combat | |  3.2
Spellcasting   | |  2.2
Transmutations | |  2.5

Action                   || total
-------------------------++-------
Melee: Unarmed           ||    51
       Bite              ||     5
       Headbutt          ||     9
 Cast: Beastly Appendage ||     9
 Stab: Sleeping          ||     2
  Eat: Chunk             ||     7
Armor: Skin              ||     3
Dodge: Dodged            ||    57

Table legend:
 A = Spawn XP
 B = Non-spawn XP
 C = Spawn XP percentage of total XP
 D = Spawn monster count
 E = Non-spawn monster count
 F = Spawn count percentage of total count
 G = Total turns spent on level
                    A         B        C        D         E        F      G
               +---------+---------+-------+---------+---------+-------+---------
         Total |       0 |      36 |   0.0 |       0 |      23 |   0.0 |   941
               +---------+---------+-------+---------+---------+-------+---------
           D:1 |       0 |      34 |   0.0 |       0 |      22 |   0.0 |   922
           D:2 |       0 |       2 |   0.0 |       0 |       1 |   0.0 |    19
               +---------+---------+-------+---------+---------+-------+---------
